 Dungeon Crawl Stone Soup version 0.30-a0-1102-g2dbb833546 (webtiles) character file.

Game seed: 2484403460239062543

251 Lavandula the Cutter (level 6, -6/48 HPs)
             Began as a Human Necromancer on Apr 18, 2023.
             Mangled by Menkaure (21 damage)
             ... on level 4 of the Dungeon.
             The game lasted 00:07:39 (3828 turns).

Lavandula the Cutter (Human Necromancer)            Turns: 3828, Time: 00:07:39

Health: -6/48      AC:  3    Str:  7 (8)  XL:     6   Next: 36%
Magic:  9/9        EV: 12    Int: 15 (17) God:
Gold:   129        SH:  0    Dex: 11 (14) Spells: 0/9 levels left

rFire   . . .      SeeInvis .    s - +3 dagger (elec)
rCold   . . .      Faith    .    (no shield)
rNeg    . . .      Spirit   .    a - +0 robe
rPois   .          Reflect  .    (no helmet)
rElec   .          Rampage  .    l - scarf {+Inv}
rCorr   .                        p - +0 pair of gloves
Will    .....                    (no boots)
Stlth   ++                       (no amulet)
HPRegen 0.28/turn                (no ring)
MPRegen 0.11/turn                (no ring)

@: no status effects
A: robust 1
a: Evoke Invisibility


You were on level 4 of the Dungeon.
You visited 1 branch of the dungeon, and saw 4 of its levels.

You collected 129 gold pieces.

Inventory:

Hand Weapons
 s - a +3 dagger of electrocution (weapon)
Missiles
 f - 4 poisoned darts
 k - 3 atropa-tipped darts (quivered)
Armour
 a - a +0 robe (worn)
 l - a scarf of invisibility (worn)
 p - a +0 pair of gloves (worn)
Jewellery
 g - an amulet of guardian spirit
 q - a +6 ring of dexterity
Scrolls
 e - a scroll of enchant weapon
 n - a scroll of poison
Potions
 b - a potion of magic
 h - a potion of curing
 r - 2 potions of mutation


   Skills:
 - Level 1.8 Fighting
 - Level 5.3 Short Blades
 - Level 2.0 Dodging
 - Level 2.0 Stealth
 - Level 2.0 Spellcasting
 - Level 4.0 Necromancy


You couldn't memorise any spells.
You knew the following spells:

 Your Spells              Type           Power      Damage    Failure   Level
a - Necrotise             Necr           52%        1d6       4%          1
b - Ensorcelled Hibernat  Hex/Ice        2%         N/A       32%         2
c - Vampiric Draining     Necr           13%        2d6       13%         3
d - Call Canine Familiar  Summ           1%         N/A       54%         3

Your spell library contained the following spells:

 Spells                   Type           Power      Damage    Failure   Level
 Apportation              Tloc           2%         N/A       22%         1
 Summon Small Mammal      Summ           4%         N/A       22%         1
 Passwall                 Tmut/Erth      0%         N/A       32%         2
 Animate Dead             Necr           13%        N/A       38%         4
 Summon Guardian Golem    Hex/Summ       1%         N/A       54%         3
 Swiftness                Air            1%         N/A       54%         3
 Agony                    Necr           13%        N/A       75%         5


Dungeon Overview and Level Annotations

Branches:
Dungeon (4/15)
 Temple: D:4-7

Altars:
Hepliaklqana

Annotations:
D:4 Menkaure


Innate Abilities, Weirdness & Mutations

You are robust. (+10% HP)


Message History

Menkaure is nearby!
Menkaure is nearby!
Unknown command.
Okay, then.
Unknown command.
Okay, then.
Menkaure mumbles some strange words.
Menkaure seems to speed up.
Unknown command.
Okay, then.
As you read the scroll labelled BEAXZO DYOBILE, it crumbles to dust.
It is a scroll of enchant weapon.
Your +2 dagger of electrocution glows red for a moment.
Menkaure calls on the powers of darkness!
Your body is wracked with pain!
* * * LOW HITPOINT WARNING * * *
As you read the scroll labelled ROUMEANUIM, it crumbles to dust.
You assume a fearsome visage.
Menkaure is unaffected.
It was a scroll of fear.
As you read the scroll labelled WIUBBAMEUM, it crumbles to dust.
It is a scroll of identify.
n - a scroll of poison
As you read the scroll labelled LUESEL ICZIONIA, it crumbles to dust.
You hear a loud clanging noise!
It was a scroll of noise.
You hear a bark!
Menkaure calls on the powers of darkness!
Your body is wracked with pain!
* * * LOW HITPOINT WARNING * * *
Okay, then.
Okay, then.
It was a potion of mutation.
You feel extremely strange.
You feel robust.
Unknown command.
It was a potion of curing.
You feel better.
Unknown command.
It was a potion of degeneration.
There was something very wrong with that liquid.
You feel weakened.
You feel dopey.
You feel clumsy. Menkaure hits you!!
You die...

# ############.# #
#.....# .# #####.....#
##+#. ....+.....# #..!.
#####.....# #...# .
#####.....#####...+ ..
....†.........#...####.#
#.#.....................
#.#.#####.###.##@M..#
#.#.# #...#..+....+
#.#.# #....(.#....#
#.#+# #...#..#....# #..
#...#.......# #..
#...#.†.....#
#...#.......##
#...#........#
#...#.##.....#


You could see Menkaure (fast).

Vanquished Creatures
  An iguana (D:4)
  3 orc wizards (D:3)
  3 gnolls (D:4)
  4 adders
  2 worms (D:2)
  A dart slug (D:1)
  11 orcs
  3 ball pythons
  3 bats
  6 endoplasms
  4 giant cockroaches
  5 goblins
  6 hobgoblins
  8 quokkas
  A frilled lizard (D:3)
  5 kobolds (D:1)
  A rat (D:3)
67 creatures vanquished.

Notes
Turn   | Place    | Note
-------+----------+-------------------------------------------
     0 | D:1      | Lavandula the Human Necromancer began the quest for the
                  | Orb.
     0 | D:1      | Reached XP level 1. HP: 13/13 MP: 3/3
    98 | D:1      | Reached skill level 1 in Fighting
   213 | D:1      | Reached XP level 2. HP: 21/21 MP: 0/5
   330 | D:1      | Found a faded altar of an unknown god.
   470 | D:1      | Reached skill level 1 in Short Blades
   604 | D:1      | Reached XP level 3. HP: 27/27 MP: 4/6
   607 | D:1      | Learned a level 2 spell: Ensorcelled Hibernation
  1111 | D:2      | Reached skill level 2 in Short Blades
  1347 | D:2      | Found a hazy altar of Hepliaklqana.
  1460 | D:2      | Reached XP level 4. HP: 33/33 MP: 5/7
  2115 | D:3      | Reached skill level 3 in Short Blades
  2563 | D:3      | Reached XP level 5. HP: 38/38 MP: 8/8
  2976 | D:3      | Reached skill level 4 in Short Blades
  3315 | D:4      | Reached XP level 6. HP: 44/44 MP: 5/9
  3557 | D:4      | Reached skill level 5 in Short Blades
  3568 | D:4      | Learned a level 3 spell: Vampiric Draining
  3572 | D:4      | Learned a level 3 spell: Call Canine Familiar
  3820 | D:4      | Noticed Menkaure
  3826 | D:4      | Gained mutation: You are robust. (+10% HP) [potion of
                  | mutation]
  3828 | D:4      | Mangled by Menkaure

Illustrated notes

Levels and vault maps discovered:
D:1:      minmay_arrival_jagged, layout_loops_ring,
          shapermc_ecumenical_altar_starsandcircs
D:2:      layout_basic, basic_altar
D:3:      layout_loops_corners
D:4:      layout_basic, chequers_temple_overflow_statue_of_worship, zin_angel,
          uniq_menkaure

Skill      XL: |  1  2  3  4  5  6 |
---------------+-------------------+-----
Fighting       | 1 |  1.8
Short Blades   | 1 2 3 4 5 |  5.3
Dodging        | |  2.0
Stealth        | |  2.0
Spellcasting   | |  2.0
Necromancy     | |  4.0

Action                     |  1- 3 |  4- 6 || total
---------------------------+-------+-------++-------
  Melee: Unarmed           |    27 |       ||    27
         Dagger            |     1 |    30 ||    31
         Rapier            |       |    24 ||    24
  Throw: Dart              |       |    12 ||    12
   Cast: Necrotise         |    51 |    59 ||   110
         Ensorcelled Hiber |       |     2 ||     2
    Use: Scroll            |       |     4 ||     4
         Potion            |       |     3 ||     3
   Stab: Sleeping          |       |     3 ||     3
         Invisible         |       |     2 ||     2
         Distracted        |       |     1 ||     1
 Armour: Robe              |     8 |     7 ||    15
  Dodge: Dodged            |    24 |    33 ||    57

Table legend: (Time is in decaauts)
 A = Elapsed time spent in this place.
 B = Non-inter-level travel time spent in this place.
 C = Inter-level travel time spent in this place.
 D = Time resting spent in this place.
 E = Time spent auto-exploring this place.
 F = Levels seen in this place.
 G = Mean time per level.
                   A        B        C        D        E       F      G
               +--------+--------+--------+--------+--------+-----+--------+
         Total |   3819 |   3684 |    135 |    199 |   2918 |   4 |  954.8 |
       Dungeon |   3819 |   3684 |    135 |    199 |   2918 |   4 |  954.8 |
               +--------+--------+--------+--------+--------+-----+--------+

Top non-repeatable levels by time:
     D:3: 1115 daAuts
     D:2: 1109 daAuts
     D:1: 1083 daAuts
     D:4: 510 daAuts
